AoeStats
← 小肥猪

Oasis

510092597Analyzed
4v4 RM · 4d ago on Sep 29, 2026· 29m 46s· 8 players
Game mode
Random Map
Map size
Large (8 player)
Population
200
Speed
Normal
Resources
Standard
Victory
Conquest
Starting age
Dark Age
Ending age
Imperial Age
RankedLock teamsTeams togetherTeam positionsShared explorationLock speedFull tech treeHidden civsTurbo modeCheats
Victory
Defeat
🇨🇦 Magyars · Canada
1459
+16
🇨🇳 Poles · China
1452
+16
🇦🇷 Maya · Argentina
1431
+17
🇨🇳 Britons · China
1419
+17
🇮🇳 Byzantines · India
1493
-18
🇨🇳 Persians · China
1482
-18
🇺🇸 Magyars · United States
1468
-17
🇹🇼 Dravidians · Taiwan
1367
-13
Mr.stealyoBoar
7:17 Loom
10:08 Feudal Age
18:39 Castle Age
18:07 Scale Barding Armor
18:52 Bloodlines
19:58 Husbandry
20:12 Double-Bit Axe
25:58 Chain Barding Armor
30:01 Bow Saw
PocaChota
0:27 Loom
10:28 Feudal Age
14:15 Fletching
19:06 Padded Archer Armor
23:45 Castle Age
23:35 Double-Bit Axe
23:41 Gold Mining
23:32 Horse Collar
24:40 Bodkin Arrow
24:11 Crossbowman
25:19 Thumb Ring
26:47 Ballistics
28:19 Bow Saw
30:27 Wheelbarrow
小农民
6:13 Loom
6:37 Loom
9:16 Feudal Age
11:52 Double-Bit Axe
17:41 Fletching
19:13 Padded Archer Armor
25:11 Castle Age
25:16 Crossbowman
25:57 Bodkin Arrow
28:11 Leather Archer Armor
卫星点灯
8:59 Loom
11:13 Feudal Age
11:49 Horse Collar
11:58 Double-Bit Axe
14:47 Wheelbarrow
16:50 Scale Barding Armor
16:55 Forging
18:04 Bloodlines
18:12 Gold Mining
22:19 Castle Age
20:40 Stone Mining
22:22 Light Cavalry
23:29 Chain Barding Armor
23:30 Heavy Plow
25:36 Forging
27:50 Husbandry
29:29 Iron Casting
Wolfsbane
6:14 Loom
9:50 Feudal Age
10:19 Double-Bit Axe
16:27 Fletching
17:24 Padded Archer Armor
18:51 Horse Collar
23:30 Castle Age
23:57 Crossbowman
24:03 Elite Skirmisher
小肥猪
6:30 Loom
9:10 Feudal Age
9:57 Double-Bit Axe
12:33 Horse Collar
18:00 Bloodlines
18:28 Scale Barding Armor
19:00 Wheelbarrow
22:09 Castle Age
23:24 Chain Barding Armor
23:47 Gold Mining
27:09 Gold Shaft Mining
馬上贏
7:01 Loom
9:14 Feudal Age
10:01 Town Watch
10:45 Double-Bit Axe
13:07 Gold Mining
14:57 Fletching
16:45 Padded Archer Armor
18:41 Wheelbarrow
22:24 Castle Age
20:32 Horse Collar
23:04 Bodkin Arrow
23:47 Bow Saw
23:53 Leather Archer Armor
24:35 Thumb Ring
24:38 Heavy Plow
27:42 Ballistics
27:58 Hand Cart
hoot
6:20 Loom
14:06 Feudal Age
17:54 Castle Age
17:29 Bloodlines
19:46 Scale Barding Armor
21:39 Husbandry
22:28 Forging
23:27 Chain Barding Armor
24:13 Gold Mining
24:05 Horse Collar
25:35 Wheelbarrow
25:11 Double-Bit Axe
29:48 Hand Cart
Connection lost

Rejoining the realm…

Still unreachable

The connection could not be restored.

Session expired

The server has moved on; the page needs a fresh start.